[Event "NED-ch U20 Girls 2018"]
[Site "Assen"]
[Date "2018.05.02"]
[Round "1"]
[White "Duson, Robin"]
[Black "Warnaar, Alisha"]
[Result "1/2-1/2"]
[ECO "B76"]
[WhiteElo "1920"]
[BlackElo "1647"]
[Annotator "NA RC"]
[PlyCount "71"]
[EventDate "2018.??.??"]
[EventType "swiss"]
[EventCountry "NED"]
[SourceTitle "playchess.com"]
[Source "ChessBase"]
[SourceQuality "1"]
[TimeControl "5400+30"]

1. e4 c5 2. Nf3 d6 3. d4 cxd4 4. Nxd4 Nf6 5. Nc3 g6 6. Be3 Bg7 7. f3 O-O 8. Qd2 Nc6 9. g4 Be6 10. Nxe6 fxe6 11. O-O-O Ne5 12. Be2 Qc8 13. h4 Nfd7 14. h5 Nxf3 15. Nd5 Nxd2 16. Nxe7+ Kf7 17. Nxc8 Raxc8 18. hxg6+ hxg6 19. Rxd2 Ke7 20. Rh7 Rf7 21. Bg5+ Bf6 22. Bxf6+ Nxf6 23. Rxf7+ Kxf7 24. Rxd6 Rh8 25. Bf3 Rh3 26. Rd3 e5 27. Kd2 Ke7 28. c4 Rg3 29. c5 Nxg4 30. Bxg4 Rxg4 31. Rd6 Rxe4 32. Rxg6 Kd7 33. Rd6+ Kc7 34. Re6 Rc4 35. Rxe5 Kc6 36. Re3 1/2-1/2

[Event "NED-ch U20 Girls 2018"]
[Site "Assen"]
[Date "2018.05.02"]
[Round "1"]
[White "Verhoeff, Timardi"]
[Black "Adema, Marrit"]
[Result "1-0"]
[ECO "A25"]
[WhiteElo "1911"]
[BlackElo "1497"]
[Annotator "NA RC"]
[PlyCount "101"]
[EventDate "2018.??.??"]
[EventType "swiss"]
[EventCountry "NED"]
[SourceTitle "playchess.com"]
[Source "ChessBase"]
[SourceQuality "1"]
[TimeControl "5400+30"]

1. c4 Nf6 2. g3 e5 3. Bg2 Nc6 4. Nc3 Bc5 5. e3 O-O 6. Nge2 a6 7. d4 exd4 8. exd4 Ba7 9. Qd3 d6 10. a3 Re8 11. Be3 Ng4 12. h3 Nxe3 13. fxe3 Qg5 14. Nd5 Rb8 15. h4 Qd8 16. h5 Be6 17. Ndf4 Na5 18. Nxe6 Rxe6 19. b4 Nc6 20. Be4 h6 21. Nf4 Re8 22. O-O-O Qe7 23. Bh7+ Kh8 24. Nd5 Qg5 25. Qf5 Qxf5 26. Bxf5 Ne7 27. Bd7 Nxd5 28. Bxe8 Nxe3 29. Rd3 Rxe8 30. Re1 Bxd4 31. Rxd4 Re6 32. Kd2 Nf5 33. Rxe6 fxe6 34. Rd3 Kg8 35. g4 Ne7 36. Re3 e5 37. c5 Kf7 38. Rf3+ Ke6 39. cxd6 cxd6 40. Rf8 Nc6 41. Rc8 Kd5 42. Rg8 Kd4 43. Rxg7 e4 44. g5 e3+ 45. Ke2 Ke4 46. gxh6 Nd4+ 47. Kd1 Kf3 48. Rf7+ Kg2 49. h7 Nf3 50. Rxf3 Kxf3 51. Ke1 1-0

[Event "NED-ch U20 Girls 2018"]
[Site "Assen"]
[Date "2018.05.02"]
[Round "1"]
[White "Naber, Quirine"]
[Black "Monteny, Pascalle"]
[Result "1/2-1/2"]
[ECO "C87"]
[WhiteElo "1775"]
[BlackElo "1446"]
[Annotator "NA RC"]
[PlyCount "83"]
[EventDate "2018.??.??"]
[EventType "swiss"]
[EventCountry "NED"]
[SourceTitle "playchess.com"]
[Source "ChessBase"]
[SourceQuality "1"]
[TimeControl "5400+30"]

1. e4 e5 2. Nf3 Nc6 3. Bb5 a6 4. Ba4 Nf6 5. d3 d6 6. c3 b5 7. Bc2 Be7 8. O-O O-O 9. Nbd2 Bg4 10. Re1 Qd7 11. Nf1 Bh5 12. Ng3 Bg6 13. Nh4 Rfe8 14. Nhf5 h6 15. Qf3 Rad8 16. a4 Ra8 17. h4 Reb8 18. b4 Nd8 19. d4 Nc6 20. d5 Na7 21. Be3 Nc8 22. h5 Bh7 23. a5 Na7 24. Bb3 Nc8 25. Bd2 Na7 26. Be3 Nc8 27. c4 bxc4 28. Ba4 Qd8 29. Bc6 Ra7 30. Bxa7 Nxa7 31. Qc3 Nxc6 32. dxc6 Rb5 33. Qxc4 Bxf5 34. Nxf5 Nxh5 35. Nxe7+ Qxe7 36. Re3 Qg5 37. Kf1 Qh4 38. Rh3 Qg4 39. Rh2 Nf4 40. Rb1 Kf8 41. Qc2 Qg6 42. g3 1/2-1/2

[Event "NED-ch U20 Girls 2018"]
[Site "Assen"]
[Date "2018.05.02"]
[Round "1"]
[White "Tiggelman, Laura"]
[Black "Den Dunnen, Lola"]
[Result "0-1"]
[ECO "C55"]
[WhiteElo "1536"]
[BlackElo "1912"]
[Annotator "NA RC"]
[PlyCount "102"]
[EventDate "2018.??.??"]
[EventType "swiss"]
[EventCountry "NED"]
[SourceTitle "playchess.com"]
[Source "ChessBase"]
[SourceQuality "1"]
[TimeControl "5400+30"]

1. e4 e5 2. Nf3 Nc6 3. Bc4 Nf6 4. d3 Be7 5. c3 O-O 6. Nbd2 d5 7. Bb3 Bg4 8. h3 Bh5 9. Qe2 dxe4 10. dxe4 Bd6 11. Nf1 Bg6 12. Ng3 Nh5 13. Nxh5 Bxh5 14. g4 Bg6 15. Bd2 Na5 16. Bc2 c5 17. h4 h5 18. Ng5 hxg4 19. Qxg4 Qc8 20. Qxc8 Raxc8 21. h5 Bh7 22. O-O-O Be7 23. Rdg1 Nc4 24. Nxh7 Kxh7 25. Bg5 f6 26. Bh4 Rfd8 27. Bg3 b5 28. b3 Na3 29. f4 Nxc2 30. Kxc2 Bd6 31. f5 c4 32. b4 Ra8 33. Bf2 Bc7 34. Be3 Bb6 35. Rg3 Bxe3 36. Rxe3 a5 37. a3 axb4 38. axb4 Ra2+ 39. Kb1 Rda8 40. Rc1 Rh2 41. Ree1 Raa2 42. Rcd1 Rhb2+ 43. Kc1 Rc2+ 44. Kb1 Rab2+ 45. Ka1 Rb3 46. Re3 Rcxc3 47. Rxc3 Rxc3 48. Rd5 Ra3+ 49. Kb2 Rb3+ 50. Kc2 Rxb4 51. Kc3 Rb3+ 0-1

[Event "NED-ch U20 Girls 2018"]
[Site "Assen"]
[Date "2018.05.02"]
[Round "1"]
[White "Woest, Imre"]
[Black "Waardenburg, Feline"]
[Result "1/2-1/2"]
[ECO "B12"]
[WhiteElo "1418"]
[BlackElo "1737"]
[Annotator "NA RC"]
[PlyCount "103"]
[EventDate "2018.??.??"]
[EventType "swiss"]
[EventCountry "NED"]
[SourceTitle "playchess.com"]
[Source "ChessBase"]
[SourceQuality "1"]
[TimeControl "5400+30"]

1. e4 c6 2. d4 d5 3. e5 Bf5 4. Nf3 e6 5. Be2 Nd7 6. O-O Ne7 7. Nc3 a6 8. Be3 c5 9. dxc5 Nc6 10. Na4 Ndxe5 11. Nxe5 Nxe5 12. Nb6 Rb8 13. Bf4 Qc7 14. b4 Nf3+ 15. Bxf3 Qxf4 16. c3 Qc7 17. Re1 Be7 18. Bxd5 O-O 19. Qf3 Rfd8 20. Be4 Bxe4 21. Qxe4 Bf6 22. Rac1 Rd2 23. Qb1 Qf4 24. Rf1 Rbd8 25. Qb3 Rxf2 26. Nc4 Rd3 27. Rcd1 Rxf1+ 28. Rxf1 Qg5 29. Qa4 g6 30. Qe8+ Kg7 31. Nd6 Qe3+ 32. Kh1 Rxd6 33. cxd6 Qd3 34. Rc1 Qd2 35. Rf1 Qxd6 36. Qc8 Qd3 37. Rg1 Bxc3 38. Qxb7 Bd4 39. Re1 Qd2 40. Rb1 Qxa2 41. Rf1 Bf6 42. Qf3 Qb2 43. Qf4 Qc3 44. g4 g5 45. Qf2 Qe5 46. Kg2 Qe4+ 47. Qf3 Qd4 48. h3 Qd8 49. Qe2 Qb6 50. Qf2 Qd8 51. Qe2 Qd4 52. Qf3 1/2-1/2

[Event "NED-ch U20 Girls 2018"]
[Site "Assen"]
[Date "2018.05.02"]
[Round "2"]
[White "Den Dunnen, Lola"]
[Black "Waardenburg, Marlinde"]
[Result "1-0"]
[ECO "E46"]
[WhiteElo "1912"]
[BlackElo "1686"]
[Annotator "NA RC"]
[PlyCount "49"]
[EventDate "2018.??.??"]
[EventType "swiss"]
[EventCountry "NED"]
[SourceTitle "playchess.com"]
[Source "ChessBase"]
[SourceQuality "1"]
[TimeControl "5400+30"]

1. d4 Nf6 2. c4 e6 3. Nc3 Bb4 4. e3 O-O 5. Nge2 Re8 6. a3 Bf8 7. Ng3 d5 8. Be2 dxc4 9. Bxc4 c5 10. O-O Bd7 11. dxc5 Bxc5 12. b4 Bf8 13. Bb2 a6 14. Qe2 b5 15. Bb3 Bc6 16. e4 e5 17. Rfd1 Qc8 18. Nd5 Bxd5 19. exd5 Bd6 20. Rac1 Qd7 21. Bc2 a5 22. Bd3 Nxd5 23. Bxb5 Nf4 24. Bxd7 Nxe2+ 25. Nxe2 1-0

[Event "NED-ch U20 Girls 2018"]
[Site "Assen"]
[Date "2018.05.02"]
[Round "2"]
[White "Martinez, Anna"]
[Black "Verhoeff, Timardi"]
[Result "1-0"]
[ECO "B13"]
[WhiteElo "1795"]
[BlackElo "1911"]
[Annotator "NA RC"]
[PlyCount "79"]
[EventDate "2018.??.??"]
[EventType "swiss"]
[EventCountry "NED"]
[SourceTitle "playchess.com"]
[Source "ChessBase"]
[SourceQuality "1"]
[TimeControl "5400+30"]

1. e4 c6 2. d4 d5 3. exd5 cxd5 4. Bf4 Nf6 5. c3 Nc6 6. Bd3 e6 7. Nf3 h6 8. Nbd2 Bd6 9. Bg3 Nh5 10. O-O O-O 11. Re1 Nxg3 12. hxg3 Qc7 13. Qe2 a6 14. Ne5 Bxe5 15. dxe5 b5 16. a3 Bb7 17. Nf3 Rfd8 18. Rad1 Ne7 19. Nd4 Nc6 20. Qe3 Nxd4 21. cxd4 Rac8 22. Rc1 Qb6 23. b4 a5 24. Rc5 Rxc5 25. bxc5 Qc6 26. Rb1 b4 27. axb4 axb4 28. Rxb4 Ra8 29. Qc1 Qc7 30. Qb2 Bc6 31. Rb6 g6 32. Ba6 Kg7 33. g4 h5 34. gxh5 Rh8 35. hxg6 Kxg6 36. Qe2 Rh5 37. Bd3+ f5 38. exf6+ Kh6 39. g3 e5 40. f7 1-0

[Event "NED-ch U20 Girls 2018"]
[Site "Assen"]
[Date "2018.05.02"]
[Round "2"]
[White "Waardenburg, Feline"]
[Black "Naber, Quirine"]
[Result "0-1"]
[ECO "B38"]
[WhiteElo "1737"]
[BlackElo "1775"]
[Annotator "NA RC"]
[PlyCount "104"]
[EventDate "2018.??.??"]
[EventType "swiss"]
[EventCountry "NED"]
[SourceTitle "playchess.com"]
[Source "ChessBase"]
[SourceQuality "1"]
[TimeControl "5400+30"]

1. d4 Nf6 2. c4 g6 3. Nc3 Bg7 4. e4 d6 5. f3 O-O 6. Nge2 c5 7. Be3 cxd4 8. Nxd4 Nc6 9. Be2 Qc7 10. O-O h5 11. Rc1 Kh7 12. Nd5 Qd7 13. Nb5 b6 14. Bg5 Ne8 15. b3 Rb8 16. f4 Ba6 17. f5 Bxb5 18. cxb5 Nd4 19. Bxh5 Nxb5 20. Bxe7 Rh8 21. Qg4 gxh5 22. Qxh5+ Kg8 23. Qg5 f6 24. Bxf6 Rh6 25. Ne7+ Kh7 26. Bxg7 Nxg7 27. f6 Ne6 28. Qf5+ Kh8 29. Ng6+ Rxg6 30. Qxg6 Nf8 31. Qh5+ Nh7 32. e5 d5 33. Rf3 Nd4 34. Rh3 Rf8 35. Rf1 Ne6 36. Qh6 Rf7 37. Rg3 Qe8 38. Qd2 d4 39. Rf5 a6 40. Rh5 Nef8 41. Rgh3 Qc6 42. Qh6 Qe4 43. Qc1 Rc7 44. Qf1 Ng6 45. Rf5 Rf7 46. Rh6 Qe3+ 47. Kh1 Qxh6 48. e6 Rc7 49. Qxa6 Rc1+ 50. Rf1 Nxf6 51. Qa8+ Ng8 52. Qf3 Ne5 0-1

[Event "NED-ch U20 Girls 2018"]
[Site "Assen"]
[Date "2018.05.02"]
[Round "2"]
[White "Warnaar, Alisha"]
[Black "Woest, Imre"]
[Result "1-0"]
[ECO "C03"]
[WhiteElo "1647"]
[BlackElo "1418"]
[Annotator "NA RC"]
[PlyCount "35"]
[EventDate "2018.??.??"]
[EventType "swiss"]
[EventCountry "NED"]
[SourceTitle "playchess.com"]
[Source "ChessBase"]
[SourceQuality "1"]
[TimeControl "5400+30"]

1. e4 e6 2. d4 d5 3. Nd2 Ne7 4. c3 Bd7 5. Bd3 Ng6 6. Ne2 dxe4 7. Nxe4 Bc6 8. O-O Bd6 9. f4 Nd7 10. N2g3 Qh4 11. Nxd6+ cxd6 12. f5 Ngf8 13. fxe6 Nxe6 14. Nf5 Qd8 15. Nxd6+ Ke7 16. Nxf7 Qb6 17. Nxh8 Rxh8 18. Qe1 1-0

[Event "NED-ch U20 Girls 2018"]
[Site "Assen"]
[Date "2018.05.02"]
[Round "2"]
[White "Monteny, Pascalle"]
[Black "Duson, Robin"]
[Result "0-1"]
[ECO "B26"]
[WhiteElo "1446"]
[BlackElo "1920"]
[Annotator "NA RC"]
[PlyCount "138"]
[EventDate "2018.??.??"]
[EventType "swiss"]
[EventCountry "NED"]
[SourceTitle "playchess.com"]
[Source "ChessBase"]
[SourceQuality "1"]
[TimeControl "5400+30"]

1. e4 c5 2. Nc3 Nc6 3. g3 g6 4. Bg2 Bg7 5. d3 e6 6. Be3 d6 7. Qd2 Nd4 8. Nge2 Ne7 9. O-O O-O 10. Nd1 Qc7 11. c3 Nxe2+ 12. Qxe2 Nc6 13. f4 Rb8 14. g4 f5 15. g5 e5 16. h4 fxe4 17. dxe4 Be6 18. h5 exf4 19. Bxf4 Be5 20. Bxe5 Nxe5 21. Ne3 Qe7 22. hxg6 hxg6 23. Rf6 Rxf6 24. gxf6 Qxf6 25. Rf1 Qh4 26. b3 Kg7 27. Qf2 Qxf2+ 28. Rxf2 b6 29. Rd2 Rd8 30. Nc2 Kf6 31. Na3 a6 32. Kf2 Ke7 33. Kg3 g5 34. Nc2 b5 35. Ne3 a5 36. Nf5+ Bxf5 37. exf5 Kf6 38. Be4 b4 39. c4 Nf7 40. Rh2 Re8 41. Bc2 Re3+ 42. Kf2 Rc3 43. Ke1 g4 44. Kd2 g3 45. Rg2 Nh6 46. Rg1 Kg5 47. Rf1 g2 48. Rg1 Rg3 49. Be4 Nxf5 50. Rxg2 Kf4 51. Rxg3 Nxg3 52. Bd3 Ne4+ 53. Bxe4 Kxe4 54. Ke2 Kd4 55. Kd2 a4 56. Kc2 axb3+ 57. axb3 Ke3 58. Kc1 Kd3 59. Kb1 Kc3 60. Ka2 Kc2 61. Ka1 Kxb3 62. Kb1 Kxc4 63. Kc2 b3+ 64. Kb2 d5 65. Kb1 d4 66. Kc1 d3 67. Kb1 d2 68. Kb2 d1=Q 69. Ka3 Qa1# 0-1

[Event "NED-ch U20 Girls 2018"]
[Site "Assen"]
[Date "2018.05.02"]
[Round "3"]
[White "Duson, Robin"]
[Black "Verhoeff, Timardi"]
[Result "1-0"]
[ECO "C11"]
[WhiteElo "1920"]
[BlackElo "1911"]
[Annotator "NA RC"]
[PlyCount "103"]
[EventDate "2018.??.??"]
[EventType "swiss"]
[EventCountry "NED"]
[SourceTitle "playchess.com"]
[Source "ChessBase"]
[SourceQuality "1"]
[TimeControl "5400+30"]

1. e4 e6 2. d4 d5 3. Nc3 Nf6 4. e5 Nfd7 5. f4 c5 6. Nf3 Nc6 7. Be3 a6 8. Qd2 b5 9. dxc5 Bxc5 10. Bxc5 Nxc5 11. Bd3 b4 12. Ne2 Nxd3+ 13. cxd3 Qb6 14. b3 a5 15. Nc1 Ba6 16. Qf2 Qxf2+ 17. Kxf2 Ke7 18. Ke3 Rhc8 19. Ne2 Rc7 20. Rac1 Rac8 21. Rc5 Kd8 22. g4 Nxe5 23. Rxa5 Nxg4+ 24. Kd4 Bxd3 25. Ng3 Bg6 26. f5 Bxf5 27. Nxf5 exf5 28. Rxd5+ Rd7 29. Rxd7+ Kxd7 30. h3 Nf6 31. Ne5+ Ke7 32. Nd3 Rd8+ 33. Kc4 Nd5 34. Nxb4 Nxb4 35. Kxb4 f4 36. a4 g5 37. a5 Rb8+ 38. Kc4 Rc8+ 39. Kd5 Kd7 40. b4 Rb8 41. Kc5 h5 42. a6 Re8 43. b5 Kc8 44. Rd1 f3 45. b6 Re5+ 46. Kc6 Re6+ 47. Kc5 f2 48. a7 Re5+ 49. Kb4 Kb7 50. Rd7+ Kxb6 51. a8=Q Rb5+ 52. Ka4 1-0

[Event "NED-ch U20 Girls 2018"]
[Site "Assen"]
[Date "2018.05.02"]
[Round "3"]
[White "Martinez, Anna"]
[Black "Den Dunnen, Lola"]
[Result "1-0"]
[ECO "C26"]
[WhiteElo "1795"]
[BlackElo "1912"]
[Annotator "NA RC"]
[PlyCount "51"]
[EventDate "2018.??.??"]
[EventType "swiss"]
[EventCountry "NED"]
[SourceTitle "playchess.com"]
[Source "ChessBase"]
[SourceQuality "1"]
[TimeControl "5400+30"]

1. e4 e5 2. Nc3 Nf6 3. g3 Nc6 4. Bg2 d6 5. Nge2 Be7 6. O-O h5 7. h3 h4 8. g4 Nxg4 9. hxg4 Bxg4 10. f3 Bd7 11. Kh2 g5 12. Ng1 h3 13. Bh1 Nd4 14. Nd5 f5 15. c3 Nxf3+ 16. Bxf3 g4 17. exf5 g3+ 18. Kxg3 Bh4+ 19. Kh2 c6 20. Bh5+ Kf8 21. Ne3 Qg5 22. Bg4 Bg3+ 23. Kxg3 h2 24. Nh3 Qh4+ 25. Kxh2 Kf7 26. Qf3 1-0

[Event "NED-ch U20 Girls 2018"]
[Site "Assen"]
[Date "2018.05.02"]
[Round "3"]
[White "Naber, Quirine"]
[Black "Warnaar, Alisha"]
[Result "1/2-1/2"]
[ECO "B52"]
[WhiteElo "1775"]
[BlackElo "1647"]
[Annotator "NA RC"]
[PlyCount "85"]
[EventDate "2018.??.??"]
[EventType "swiss"]
[EventCountry "NED"]
[SourceTitle "playchess.com"]
[Source "ChessBase"]
[SourceQuality "1"]
[TimeControl "5400+30"]

1. e4 c5 2. Nf3 d6 3. Bb5+ Bd7 4. Bxd7+ Qxd7 5. O-O Nc6 6. c3 e6 7. d4 cxd4 8. cxd4 d5 9. e5 f6 10. Re1 fxe5 11. Nxe5 Nxe5 12. Rxe5 Bd6 13. Re1 O-O-O 14. Nd2 Nf6 15. Nf3 Rde8 16. Ne5 Qe7 17. Bg5 Rhg8 18. Qb3 b6 19. a4 h6 20. Bf4 g5 21. Nc6 Qd7 22. Bxd6 Qxd6 23. Nxa7+ Kb7 24. Nb5 Qf4 25. a5 Ng4 26. a6+ Ka8 27. Qg3 Qxg3 28. hxg3 Re7 29. Rxe6 Rxe6 30. Nc7+ Ka7 31. Nxe6 Rc8 32. f3 Ne3 33. Ra3 Rc1+ 34. Kh2 Nc4 35. Rc3 Rb1 36. Nc7 Nxb2 37. Nxd5 Nd1 38. Rc6 g4 39. Rc2 h5 40. Nc3 Nxc3 41. Rxc3 Rd1 42. Rc7+ Kxa6 43. Rh7 1/2-1/2

[Event "NED-ch U20 Girls 2018"]
[Site "Assen"]
[Date "2018.05.02"]
[Round "3"]
[White "Waardenburg, Marlinde"]
[Black "Adema, Marrit"]
[Result "0-1"]
[ECO "B23"]
[WhiteElo "1686"]
[BlackElo "1497"]
[Annotator "NA RC"]
[PlyCount "112"]
[EventDate "2018.??.??"]
[EventType "swiss"]
[EventCountry "NED"]
[SourceTitle "playchess.com"]
[Source "ChessBase"]
[SourceQuality "1"]
[TimeControl "5400+30"]

1. e4 c5 2. Nc3 g6 3. f4 Bg7 4. Nf3 Nc6 5. Bc4 e6 6. d3 Nge7 7. O-O O-O 8. Qe1 Na5 9. a3 Nxc4 10. dxc4 b6 11. Be3 Nc6 12. Rd1 Qe7 13. f5 a6 14. Ng5 Ne5 15. b3 Bb7 16. Bf4 Bc6 17. Qf2 h6 18. Nf3 Nxf3+ 19. Qxf3 Bd4+ 20. Kh1 exf5 21. Bxh6 fxe4 22. Qg3 Rfe8 23. Ne2 Bg7 24. Bxg7 Kxg7 25. Nf4 Qe5 26. Qg4 Rad8 27. h3 b5 28. Ne2 d5 29. cxd5 Rxd5 30. Rxd5 Bxd5 31. Qh4 c4 32. Nf4 cxb3 33. cxb3 Bxb3 34. Qf2 Bc4 35. Re1 e3 36. Qf3 Qc3 37. Qg3 Qe5 38. Qf3 Qc5 39. Qg3 a5 40. Qf3 Qxa3 41. Qc6 Re7 42. Qf3 Qc3 43. Qg3 Qe5 44. Qg4 a4 45. h4 Qf5 46. Qg3 Re4 47. Nh3 e2 48. Qc3+ Qf6 49. Qxf6+ Kxf6 50. Kg1 Rxh4 51. Kf2 Re4 52. g3 Re5 53. Nf4 Ke7 54. Nxe2 Rxe2+ 55. Rxe2+ Bxe2 56. Kxe2 a3 0-1

[Event "NED-ch U20 Girls 2018"]
[Site "Assen"]
[Date "2018.05.02"]
[Round "3"]
[White "Tiggelman, Laura"]
[Black "Waardenburg, Feline"]
[Result "0-1"]
[ECO "B12"]
[WhiteElo "1536"]
[BlackElo "1737"]
[Annotator "NA RC"]
[PlyCount "34"]
[EventDate "2018.??.??"]
[EventType "swiss"]
[EventCountry "NED"]
[SourceTitle "playchess.com"]
[Source "ChessBase"]
[SourceQuality "1"]
[TimeControl "5400+30"]

1. e4 c6 2. d4 d5 3. e5 Bf5 4. Nc3 e6 5. g4 Bg6 6. Nge2 Nd7 7. h4 c5 8. f4 h5 9. f5 exf5 10. gxf5 Bxf5 11. Nxd5 Be4 12. Nef4 Bxh1 13. Qe2 Qxh4+ 14. Kd1 Bxd5 15. Nxd5 Qxd4+ 16. Qd2 Qxd2+ 17. Bxd2 O-O-O 0-1

[Event "NED-ch U20 Girls 2018"]
[Site "Assen"]
[Date "2018.05.02"]
[Round "3"]
[White "Woest, Imre"]
[Black "Monteny, Pascalle"]
[Result "1-0"]
[ECO "C77"]
[WhiteElo "1418"]
[BlackElo "1446"]
[Annotator "NA RC"]
[PlyCount "197"]
[EventDate "2018.??.??"]
[EventType "swiss"]
[EventCountry "NED"]
[SourceTitle "playchess.com"]
[Source "ChessBase"]
[SourceQuality "1"]
[TimeControl "5400+30"]

1. e4 e5 2. Nf3 Nc6 3. Bb5 a6 4. Ba4 Nf6 5. O-O Be7 6. Re1 d6 7. c3 b5 8. Bc2 Bg4 9. d3 O-O 10. h3 Bh5 11. Nbd2 Re8 12. Nf1 Bf8 13. Ng3 Bg6 14. a4 b4 15. a5 Na7 16. Ba4 c6 17. Be3 Qc8 18. Nh4 bxc3 19. bxc3 Nb5 20. Bxb5 cxb5 21. Rc1 Qb7 22. Rf1 Nd7 23. f4 f6 24. Nxg6 hxg6 25. Qb3+ Kh7 26. f5 g5 27. Qf7 Nc5 28. Qg6+ Kg8 29. Bxg5 Qf7 30. Be3 Qxg6 31. fxg6 Nxd3 32. Rc2 Rac8 33. Nf5 Nc5 34. Bxc5 dxc5 35. Rd1 Be7 36. Nxe7+ Rxe7 37. Rcd2 Kf8 38. Rd8+ Rxd8 39. Rxd8+ Re8 40. Rd6 Ra8 41. Rc6 c4 42. Rb6 Ra7 43. h4 Ke7 44. h5 Kd7 45. Kf2 Kc7 46. h6 gxh6 47. Rxf6 Ra8 48. Rf7+ Kd6 49. g7 Rg8 50. Rf6+ Kc5 51. Rxa6 Rxg7 52. Re6 Ra7 53. Rxe5+ Kc6 54. Ke3 Rxa5 55. Re6+ Kc5 56. Rxh6 Ra3 57. Rh5+ Kc6 58. Kd4 Ra2 59. Rh6+ Kc7 60. Kc5 Rxg2 61. Kxb5 Re2 62. Rc6+ Kd7 63. Rxc4 Kd6 64. Rd4+ Ke5 65. Kc4 Re3 66. Kb4 Re2 67. Kc5 Rc2 68. Kc4 Rc1 69. Kd3 Re1 70. Rd5+ Ke6 71. c4 Rc1 72. Kd4 Rd1+ 73. Kc5 Rc1 74. Kb5 Rb1+ 75. Kc6 Rc1 76. c5 Rc4 77. Rd8 Ke5 78. Re8+ Kd4 79. Rd8+ Ke5 80. Kb5 Rc1 81. c6 Rb1+ 82. Ka6 Ra1+ 83. Kb7 Rb1+ 84. Kc8 Rc1 85. c7 Ke6 86. e5 Rb1 87. Rd2 Ke7 88. e6 Rb3 89. Ra2 Rb1 90. Ra7 Rb2 91. Rb7 Rh2 92. Kb8 Ra2 93. c8=Q+ Kf6 94. Rf7+ Ke5 95. Qc5+ Kxe6 96. Re7+ Kf6 97. Qe5+ Kg6 98. Rg7+ Kh6 99. Qg5# 1-0

[Event "NED-ch U20 Girls 2018"]
[Site "Assen"]
[Date "2018.05.02"]
[Round "4"]
[White "Duson, Robin"]
[Black "Martinez, Anna"]
[Result "1/2-1/2"]
[ECO "B41"]
[WhiteElo "1920"]
[BlackElo "1795"]
[Annotator "NA RC"]
[PlyCount "88"]
[EventDate "2018.??.??"]
[EventType "swiss"]
[EventCountry "NED"]
[SourceTitle "playchess.com"]
[Source "ChessBase"]
[SourceQuality "1"]
[TimeControl "5400+30"]

1. e4 c5 2. Nf3 a6 3. c4 Nc6 4. d4 cxd4 5. Nxd4 e6 6. Nc3 Bb4 7. Nxc6 bxc6 {[%emt 0:00:30] LiveBook: 8 Games B41: Sicilian: Kan Variation: 5 c4} 8. Qd4 (8. Bd3 e5 9. O-O Ne7 10. Na4 d6 11. c5 d5 12. Qe2 dxe4 13. Bxe4 Be6 14. Rd1 Qb8 15. Rd6 {1-0 (32) Ramirez,A (2579)-Shulman,Y (2627) Wheeling 2011}) 8... Qf6 9. e5 Qe7 10. Be3 $146 ({Predecessor:} 10. Bd3 f6 11. Qg4 Qf7 12. f4 Nh6 13. Qh3 O-O {0-1 (34) Grabarczyk,B (2393)-Siebrecht,S (2479) Germany 2013}) 10... c5 11. Qd2 f6 12. f4 (12. a3 $16 Bxc3 13. Qxc3) 12... Bb7 13. a3 Ba5 14. Qf2 Rc8 15. Be2 Nh6 16. O-O O-O 17. Na4 fxe5 18. Nxc5 {[%emt 0:04:16] [#]} Ba8 $1 19. b4 exf4 20. Bxf4 (20. Bd4 $142 e5 21. Rae1) 20... Bb6 21. Rad1 (21. Kh1 {might work better.} d6 22. Qe3 dxc5 23. Bg5) 21... e5 22. Qe3 Rxc5 $2 (22... Nf5 $19 23. Bg5 (23. Qxe5 $2 Qxe5 24. Bxe5 Rce8 $19) 23... Bxc5 24. bxc5 Nxe3 25. Bxe7 Rxf1+ 26. Rxf1 Nxf1 27. Kxf1 Rb8) 23. Bxh6 Rxf1+ 24. Kxf1 Qf7+ 25. Qf2 Qxf2+ 26. Kxf2 Rxc4+ 27. Be3 Rf4+ 28. Bf3 e4 29. Bxb6 exf3 30. g3 Rf7 31. Rd6 Bc6 32. Be3 Rf5 33. h4 a5 34. Bb6 axb4 35. axb4 Re5 36. Rd2 Kf7 37. Bc5 Ke6 38. Bd4 Rd5 39. Ke3 $15 g6 40. Bg7 Rf5 41. Bh6 Re5+ 42. Kf2 Re4 43. Bf8 Rc4 44. Rb2 d6 1/2-1/2

[Event "NED-ch U20 Girls 2018"]
[Site "Assen"]
[Date "2018.05.02"]
[Round "4"]
[White "Den Dunnen, Lola"]
[Black "Warnaar, Alisha"]
[Result "1-0"]
[ECO "E71"]
[WhiteElo "1912"]
[BlackElo "1647"]
[Annotator "NA RC"]
[PlyCount "87"]
[EventDate "2018.??.??"]
[EventType "swiss"]
[EventCountry "NED"]
[SourceTitle "playchess.com"]
[Source "ChessBase"]
[SourceQuality "1"]
[TimeControl "5400+30"]

1. d4 Nf6 2. c4 g6 3. Nc3 Bg7 4. e4 d6 5. h3 O-O 6. Be3 c5 7. d5 {[%emt 0:00:05] E71: King's Indian: 4 e4 d6 5 h3} (7. Nf3 cxd4 8. Nxd4 b6 9. g3 Bb7 10. Bg2 Nbd7 11. O-O Rb8 12. Qc2 a6 13. Rad1 e6 14. Rfe1 Qe7 15. Qd2 Rfc8 16. b3 {½-½ (66) Bluebaum,M (2640)-Amin,B (2693) Wijk aan Zee 2018}) 7... e6 8. Nf3 exd5 9. exd5 {[%emt 0:00:18] LiveBook: 18 Games} b5 10. Nxb5 $146 ({Predecessor:} 10. cxb5 Nbd7 11. a4 Re8 12. Be2 Ne4 13. Nxe4 Rxe4 14. O-O Bxb2 {½-½ (37) Cuadrado Wentwort Hyde,G (2447)-Pugh,J (2473) ICCF email 2016}) 10... Ne4 11. Qc2 (11. Bd3 $5 a6 12. Nc7 (12. Bxe4 axb5 13. Bd3 bxc4 $15) 12... Qxc7 13. Bxe4 $11) 11... Re8 12. Rc1 (12. Bd3 $11 {keeps the balance.}) 12... Qa5+ 13. Nc3 Bf5 (13... Na6 $15 14. a3 Ng3 15. fxg3 Rxe3+ 16. Kf2 Bf5) 14. Bd3 Ng3 15. Rg1 (15. Bxf5 $11 {keeps the balance.} Nxh1 16. Bd3) 15... Bh6 $2 (15... Na6 $17 16. Qd2 Bxd3 17. Qxd3 Nb4) 16. Kd2 Bxd3 17. Kxd3 Na6 ({Black should play} 17... Bxe3 $11 18. fxe3 f5) 18. a3 Bxe3 19. fxe3 Re7 $2 (19... f5 $16) 20. Qa4 (20. Qf2 $18 {is the precise move to win.} Nf5 21. Ne4 (21. e4 Nd4 $16)) 20... Qb6 $16 21. Qb5 Rae8 22. Rge1 Nc7 23. Qxb6 axb6 24. e4 f6 25. h4 h6 26. b4 Ra8 27. Ra1 Kf7 28. bxc5 bxc5 29. Nb5 Nxb5 30. cxb5 Ra4 31. Nd2 f5 32. exf5 Nxf5 33. Rxe7+ Kxe7 34. Nc4 Kd8 35. b6 Ne7 36. Rb1 Ra8 37. b7 Rb8 38. Nxd6 Kc7 39. Nb5+ Kxb7 40. Nd6+ Kc7 41. Rxb8 Kxb8 42. Kc4 g5 43. hxg5 hxg5 44. Kxc5 1-0

[Event "NED-ch U20 Girls 2018"]
[Site "Assen"]
[Date "2018.05.02"]
[Round "4"]
[White "Waardenburg, Feline"]
[Black "Waardenburg, Marlinde"]
[Result "1/2-1/2"]
[ECO "A05"]
[WhiteElo "1737"]
[BlackElo "1686"]
[Annotator "NA RC"]
[PlyCount "88"]
[EventDate "2018.??.??"]
[EventType "swiss"]
[EventCountry "NED"]
[SourceTitle "playchess.com"]
[Source "ChessBase"]
[SourceQuality "1"]
[TimeControl "5400+30"]

1. Nf3 Nf6 2. g3 g6 3. Bg2 Bg7 4. O-O d6 5. b3 Nc6 6. Bb2 h5 7. Nc3 Ne5 8. Nxe5 dxe5 9. d3 h4 10. Qd2 hxg3 11. hxg3 Qd6 12. Rfe1 a5 13. Rad1 Qb4 14. Ne4 Nxe4 15. dxe4 Qxd2 16. Rxd2 Bd7 17. Bc3 a4 18. Red1 O-O-O 19. Bb4 Rhe8 20. Kh2 axb3 21. axb3 Be6 22. Bh3 Rd4 23. Bxe6+ fxe6 24. Ba3 Rxe4 25. f3 Re3 26. Kg2 Rc3 27. Rh1 Rc6 28. Kf1 Ra6 29. Bc5 Ra5 30. Bb4 Ra6 31. Rd1 Kb8 32. g4 Bf6 33. g5 Bxg5 34. Bc5 b6 35. Rg1 bxc5 36. Rxg5 Rd6 37. Ke1 Kc8 38. Rxg6 Rxd1+ 39. Kxd1 Kd7 40. Rg1 Kc6 41. Kd2 Rd8+ 42. Kc1 Kb6 43. Rd1 Rxd1+ 44. Kxd1 Kc6 1/2-1/2